 Dungeon Crawl Stone Soup version 0.28.0-47-ge53b351184 (webtiles) character file.

Game seed: 11173672713061781557

13473 Kangaroobicon the Cleaver (level 11, -6/93 HPs)
             Began as a Palentonga Fighter on May 6, 2022.
             Was a Priest of the Shining One.
             Mangled by a six-headed hydra (12 damage)
             ... on level 3 of the Lair of Beasts on May 9, 2022.
             The game lasted 01:40:38 (10921 turns).

Kangaroobicon the Cleaver (Palentonga Fighter)     Turns: 10921, Time: 01:40:40

Health: -6/93      AC: 22    Str: 19    XL:     11   Next: 76%
Magic:  11/11      EV:  6    Int: 12    God:    the Shining One [***...]
Gold:   505        SH:  4    Dex: 11    Spells: 10/10 levels left

rFire   + . .      SeeInvis +   i - +10 hand axe "Edeos" {vorpal, rPois Will+++ Str-4 Int+4}
rCold   + . .      Faith    .   c - +0 buckler
rNeg    + . .      Spirit   .   z - +4 chain mail
rPois   +          Reflect  .   (no helmet)
rElec   .          Harm     .   (no cloak)
rCorr   .          Rampage  .   g - +0 pair of gloves
Will    +++..                   (no barding)
Stlth   ..........              (no amulet)
HPRegen 0.25/turn               k - ring of protection from fire
MPRegen 0.12/turn               m - ring of protection from cold

@: glowing, curled up
A: large, rugged brown scales 3, see invisible, deformed body, roll 1, armoured
tail, reflexive curl
a: Rolling Charge, Renounce Religion, Divine Shield, Cleansing Flame


You were on level 3 of the Lair of Beasts.
You worshipped the Shining One.
The Shining One was most pleased with you.
You visited 2 branches of the dungeon, and saw 11 of its levels.

You collected 545 gold pieces.
You spent 40 gold pieces at shops.

Inventory:

Hand Weapons
 i - the +10 hand axe "Edeos" (weapon) {vorpal, rPois Will+++ Str-4 Int+4}
   (You found it on level 2 of the Dungeon)

   It inflicts extra damage upon your enemies.
   Str:       It affects your strength (-4).
   Int:       It affects your intelligence (+4).
   rPois:     It protects you from poison.
   Will:      It greatly increases your willpower.
Missiles
 a - 3 curare-tipped darts (quivered)
 b - 2 throwing nets
 y - 17 poisoned darts
Armour
 c - a +0 buckler (worn)
 g - a +0 pair of gloves (worn)
 z - a +4 chain mail (worn)
 D - a +2 helmet
Magical Staves
 n - a staff of conjuration
 K - a staff of cold
Jewellery
 k - a ring of protection from fire (left hand)
 m - a ring of protection from cold (right hand)
 u - a ring of resist corrosion
Wands
 s - a wand of acid (6)
 v - a wand of iceblast (5)
Scrolls
 d - 3 scrolls of teleportation
 e - 2 scrolls of vulnerability
 j - a scroll of fog
 l - a scroll of holy word {unknown}
 p - 5 scrolls of immolation
 q - 2 scrolls of summoning
 r - 2 scrolls of blinking {unknown}
 x - a scroll of brand weapon {unknown}
 A - a scroll of amnesia {unknown}
 C - a scroll of fear {unknown}
 E - a scroll of enchant armour {unknown}
Potions
 h - 2 potions of magic
 o - a potion of attraction {unknown}
 t - 2 potions of curing
 w - a potion of haste
 B - 2 potions of brilliance {unknown}
 F - 2 potions of flight {unknown}
 G - a potion of invisibility {unknown}
 H - a potion of ambrosia {unknown}
 I - a potion of lignification {unknown}
 J - a potion of resistance {unknown}


   Skills:
 + Level 8.4 Fighting
 + Level 11.7 Axes
 * Level 5.9 Throwing
 + Level 7.6 Armour
 + Level 2.7 Dodging
 - Level 0.4 Stealth
 + Level 4.2 Shields
 + Level 0.1 Invocations
 + Level 2.4 Evocations


You had 10 spell levels left.
You didn't know any spells.
Your spell library contained the following spells:

 Spells                   Type           Power      Damage    Failure   Level
 Beastly Appendage        Tmut           0%         N/A       98%         1
 Sandblast                Erth           0%         2d4       98%         1
 Sting                    Tmut/Pois      0%         1d3       98%         1
 Passwall                 Tmut/Erth      0%         N/A       99%         2
 Poisonous Vapours        Pois/Air       0%         N/A       99%         2
 Scorch                   Fire           0%         2d5       99%         2
 Static Discharge         Conj/Air       0%         N/A       99%         2
 Wereblood                Tmut           0%         N/A       99%         2
 Call Canine Familiar     Summ           0%         N/A       100%        3
 Portal Projectile        Hex/Tloc       0%         N/A       100%        3
 Spider Form              Tmut/Pois      0%         N/A       100%        3
 Stone Arrow              Conj/Erth      0%         3d7       100%        3
 Flame Wave               Conj/Fire      0%         2d4       100%        4
 Leda's Liquefaction      Hex/Erth       0%         N/A       100%        4
 Olgreb's Toxic Radiance  Pois           0%         N/A       100%        4
 Lightning Bolt           Conj/Air       0%         1d11      100%        5
 Conjure Ball Lightning   Conj/Air       0%         3x3d6     100%        6
 Summon Cactus Giant      Summ           0%         N/A       100%        6
 Discord                  Hex            0%         N/A       100%        8
 Disjunction              Tloc           0%         N/A       100%        8
 Maxwell's Capacitive Co  Air            0%         ∞         100%        8


Dungeon Overview and Level Annotations

Branches:
Dungeon (8/15)             Temple (0/1) D:4            Lair (3/6) D:8
  Swamp (0/4) Lair:2
  Snake: Lair:2-4    Spider: Lair:2-4

Altars:
Dithmenos
Gozag
Hepliaklqana
Nemelex Xobeh
Qazlal
Sif Muna
Trog
Uskayaw
Vehumet
Wu Jian
Zin
The Shining One

Shops:
D:1 =?   D:3 *   D:6 (


Innate Abilities, Weirdness & Mutations

You are completely covered in rugged brown scales. (AC +3, +7% HP)
You have supernaturally acute eyesight. (SInv)
Armour fits poorly on your strangely shaped body.
You can roll at nearby foes to attack.
You have a long armoured tail.
You curl defensively after being hit. (AC +7*)


Message History

The six-headed hydra is heavily wounded.
The six-headed hydra bites you!
You block the six-headed hydra's attack.
The six-headed hydra bites you.
The six-headed hydra bites you but does no damage. x3
Aiming: Iceblast
Press: ? - help, Q - select action, (/) - cycle Shift-Dir - straight line, p - six-headed hydra That beam is likely to hit you.
Continue anyway?
Okay, then.
Aiming: Corrosive Bolt
Press: ? - help, Q - select action, (/) - cycle Shift-Dir - straight line, f - six-headed hydra
Aim: a six-headed hydra (heavily wounded, covered in acid, haloed, 93% to hit)
The bolt of acid hits the six-headed hydra!!
The six-headed hydra is almost dead.
The six-headed hydra bites you but does no damage.
The six-headed hydra bites you!
* * * LOW HITPOINT WARNING * * *
The six-headed hydra bites you.
* * * LOW HITPOINT WARNING * * *
The six-headed hydra bites you but does no damage.
The six-headed hydra closely misses you.
The six-headed hydra bites you.
* * * LOW HITPOINT WARNING * * *
Press: ? - help, v - describe, . - travel
Here: a six-headed hydra (almost dead, covered in acid, haloed)
The floor.
A six-headed hydra is nearby!
Aiming: Corrosive Bolt
Press: ? - help, Q - select action, (/) - cycle Shift-Dir - straight line, f/p - six-headed hydra
Aim: a six-headed hydra (almost dead, covered in acid, haloed, 93% to hit)
The bolt of acid hits the six-headed hydra!
The six-headed hydra is almost dead.
You block the six-headed hydra's attack. x2
The six-headed hydra bites you!
* * * LOW HITPOINT WARNING * * *
The six-headed hydra bites you but does no damage.
The six-headed hydra bites you.
* * * LOW HITPOINT WARNING * * *
The six-headed hydra bites you!
You die...

#### ###
##..####.# ####
#....#.#.###..###
#......@D.......##
#..##.#########..#
#..#### #..#
###..# #.## ##
###....# #..####
###.##.##...# .+
#..##.####
............# #..
##.........
............# #..
#..........
...#.......##
#+.##..........


You could see a six-headed hydra (corroded).

Vanquished Creatures
  A hydra (D:8)
  A lindwurm (Lair:3)
  Pikel (D:8)
  6 elephants (Lair:3)
  Joseph (D:8)
  2 black mambas
  2 cane toads
  A rime drake (Lair:2)
  4 komodo dragons
  Sigmund (D:2)
  A wyvern (D:8)
  17 yaks
  A basilisk (Lair:1)
  A steam dragon (D:7)
  6 water moccasins
  An ice beast (D:6)
  2 black bears
  A sky beast (D:5)
  2 ogres
  3 necrophages
  A phantom (D:5)
  10 wolves (Lair:3)
  A lemure (D:8)
  3 centaurs
  3 bullfrogs
  A scorpion (D:4)
  A wyvern skeleton (D:4)
  A water moccasin skeleton (D:4)
  A howler monkey (D:6)
  10 electric eels
  2 centaur zombies
  A gnoll shaman (D:7)
  2 orc priests
  2 hounds
  2 iguanas (D:5)
  4 orc wizards
  4 hell rats
  2 howler monkey zombies
  4 gnolls (D:7)
  A howler monkey skeleton (D:7)
  11 adders
  2 river rats (Lair:3)
  A shadow imp (D:7)
  A white imp (D:8)
  3 ufetubi
  2 adder skeletons (D:4)
  A worm (D:2)
  9 dart slugs
  25 orcs
  5 ball pythons
  4 bats
  7 endoplasms
  7 giant cockroaches
  5 goblins
  7 hobgoblins
  3 jackals (D:3)
  A quokka (D:1)
  A frilled lizard (D:2)
  5 kobolds
  7 rats
218 creatures vanquished.

Vanquished Creatures (others)
  23 fungi
  42 plants
65 creatures vanquished.

Grand Total: 283 creatures vanquished

Notes
Turn   | Place    | Note
-------+----------+-------------------------------------------
     0 | D:1      | Kangaroobicon the Palentonga Fighter began the quest for
                  | the Orb.
     0 | D:1      | Reached XP level 1. HP: 19/19 MP: 1/1
   177 | D:1      | Reached XP level 2. HP: 9/25 MP: 2/2
   320 | D:1      | Found Woun's Jewellery Emporium.
   324 | D:1      | Found a faded altar of an unknown god.
   388 | D:1      | You fall into a shaft and drop 1 floor!
   671 | D:2      | Noticed Sigmund
   685 | D:2      | Reached XP level 3. HP: 4/31 MP: 3/3
   686 | D:2      | Killed Sigmund
   687 | D:2      | Reached skill level 3 in Axes
   687 | D:2      | Reached XP level 4. HP: 6/39 MP: 4/4
   687 | D:2      | Reached XP level 5. HP: 7/44 MP: 5/5
  1121 | D:2      | Reached skill level 4 in Axes
  1137 | D:2      | Identified the +10 hand axe "Edeos" {vorpal, rPois Will+++
                  | Str-4 Int+4}
  1546 | D:1      | Found Aschopl Kegu's Magic Scroll Emporium.
  1551 | D:1      | Bought 2 scrolls of identify for 40 gold pieces
  2394 | D:3      | Reached XP level 6. HP: 51/51 MP: 6/6
  2647 | D:3      | Found Gudejuley's General Store.
  2661 | D:3      | Found a glowing golden altar of the Shining One.
  2667 | D:3      | Became a worshipper of the Shining One
  2742 | D:4      | Found a bloodstained altar of Trog.
  2870 | D:4      | Found an ornate altar of the Wu Jian Council.
  2914 | D:4      | Reached skill level 5 in Axes
  2919 | D:4      | Gained mutation: You curl defensively after being hit. (AC
                  | +7*) [Palentonga growth]
  2919 | D:4      | Reached XP level 7. HP: 30/58 MP: 7/7
  3347 | D:4      | Found a staircase to the Ecumenical Temple.
  3421 | D:5      | Entered Level 5 of the Dungeon
  3473 | D:5      | Reached * piety under the Shining One
  3492 | D:5      | Reached skill level 1 in Dodging
  3513 | D:5      | Reached skill level 6 in Axes
  3543 | D:5      | Reached skill level 5 in Fighting
  3668 | D:5      | Reached XP level 8. HP: 58/66 MP: 8/8
  3689 | D:5      | Reached skill level 7 in Axes
  3967 | D:5      | Reached skill level 5 in Armour
  4161 | D:6      | Found a radiant altar of Vehumet.
  4185 | D:6      | Found Tyel's Weapon Shop.
  4336 | D:6      | Found a shimmering blue altar of Sif Muna.
  4336 | D:6      | Found an opulent altar of Gozag.
  4336 | D:6      | Found a stormy altar of Qazlal.
  4387 | D:6      | Reached skill level 8 in Axes
  4672 | D:7      | Found a glowing silver altar of Zin.
  4738 | D:7      | Reached ** piety under the Shining One
  4752 | D:7      | Reached XP level 9. HP: 56/73 MP: 9/9
  4764 | D:7      | Reached skill level 1 in Throwing
  5407 | D:8      | Noticed Pikel
  5444 | D:8      | Found a hazy altar of Hepliaklqana.
  5449 | D:8      | Noticed a four-headed hydra
  5459 | D:8      | Killed a four-headed hydra
  5460 | D:8      | Reached skill level 9 in Axes
  5468 | D:8      | Noticed Joseph
  5483 | D:8      | Killed Joseph
  5484 | D:8      | Reached skill level 1 in Evocations
  5846 | D:8      | Found a sparkling altar of Nemelex Xobeh.
  6161 | D:8      | Found a shadowy altar of Dithmenos.
  6234 | D:8      | Found a staircase to the Lair.
  6280 | D:8      | Killed Pikel
  6281 | D:8      | Reached XP level 10. HP: 82/82 MP: 10/10
  6615 | Lair:1   | Entered Level 1 of the Lair of Beasts
  6741 | Lair:1   | Noticed a cane toad
  6749 | Lair:1   | Killed a cane toad
  6750 | Lair:1   | Reached skill level 10 in Axes
  7190 | Lair:1   | You fall into a shaft and drop 1 floor!
  7408 | Lair:2   | Found a staircase to the Swamp.
  7818 | Lair:2   | Noticed a black mamba
  7831 | Lair:2   | Killed a black mamba
  8468 | Lair:1   | Reached XP level 11. HP: 82/89 MP: 11/11
  8542 | Lair:1   | Reached *** piety under the Shining One
  8560 | Lair:1   | Reached skill level 11 in Axes
 10063 | Lair:3   | Found a hide-covered altar of Uskayaw.
 10271 | Lair:3   | Noticed a lindwurm
 10296 | Lair:3   | Reached skill level 5 in Throwing
 10297 | Lair:3   | Killed a lindwurm
 10821 | Lair:3   | Noticed a six-headed hydra
 10921 | Lair:3   | Mangled by a six-headed hydra

Illustrated notes

Levels and vault maps discovered:
D:1:      dpeg_arrival_prison, layout_basic, serial_shops,
          nicolae_shop_temple_entry_statues_fountains, nicolae_square_shop,
          ebering_ecumenical_altar_box, serial_bayou_lake_a
D:2:      layout_basic, uniq_sigmund
D:3:      layout_loops_cross, lemuel_round_altar, serial_shops, shop
D:4:      layout_cave_pools, nicolae_wu_jian_immortal_techniques, bloody_trog,
          minmay_temple_entry_sparse_star, hangedman_abyss_or_decor_passed
D:5:      layout_gridville, hangedman_abyss_or_decor_stabs,
          amcnicky_mini_pool_medium
D:6:      layout_cave_pools, vehumet_crystals,
          gammafunk_temple_overflow_forgotten, serial_shops, nicolae_square_shop
D:7:      layout_rooms, mainiacjoe_overflow_catwalk, minivault_23,
          kennysheep_cross_room
D:8:      layout_basic, lemuel_tele_altar,
          nicolae_dithmenos_through_a_glass_darkly,
          mainiacjoe_overflow_surrounded_room, lair_entry_dummy,
          hangedman_decor_push, uniq_joseph, uniq_pikel
Lair:1:   layout_long_grid, lemuel_old_faithful
Lair:2:   layout_cellular_growth, minmay_swamp_entry_eels
Lair:3:   layout_chaotic_city, basic_altar, nicolae_quartered_pool_super,
          serial_bayou_pond_c, kennysheep_abandoned_house

Skill      XL: |  1  2  3  4  5  6  7  8  9 10 11 |
---------------+----------------------------------+-----
Axes           | 3 4 5 6 8 9 10 11 | 11.7
Armour         | 3 4 5 6 7 |  7.6
Fighting       | 4 5 6 7 8 |  8.4
Shields        | 3 4 |  4.2
Dodging        | 1 2 |  2.7
Throwing       | 2 4 5 |  5.9
Evocations     | 1 2 |  2.4
Stealth        | |  0.4
Invocations    | |  0.1

Action                   |  1- 3 |  4- 6 |  7- 9 | 10-12 || total
-------------------------+-------+-------+-------+-------++-------
Melee: War axe           |    44 |    11 |       |       ||    55
       Tailslap          |     2 |     9 |    26 |    56 ||    93
       Hand axe          |       |    68 |   158 |   225 ||   451
Throw: Dart              |       |       |     5 |    50 ||    55
       Throwing net      |       |       |       |     2 ||     2
Invok: Divine Shield     |       |       |       |     1 ||     1
 Abil: Rolling Charge    |       |     1 |     3 |     2 ||     6
Evoke: Wand              |       |       |     8 |    12 ||    20
  Use: Potion            |     1 |       |     1 |     4 ||     6
       Scroll            |       |     3 |     5 |     4 ||    12
Armor: Scale mail        |    21 |    25 |     4 |       ||    50
       Chain mail        |       |       |    85 |   104 ||   189
Dodge: Dodged            |    17 |    18 |    28 |    59 ||   122
Block: Buckler           |    10 |     5 |    30 |    52 ||    97
